 Dungeon Crawl Stone Soup version 0.26-a0-694-g74916bafe0 (webtiles) character file.

Game seed: 13181198163978068860

95 Peloso the Shield-Bearer (level 4, 40/40 HPs)
             Began as a Minotaur Fighter on Oct 25, 2020.
             Got out of the dungeon alive.
             The game lasted 00:03:33 (2074 turns).

Peloso the Shield-Bearer (Minotaur Fighter)         Turns: 2074, Time: 00:03:33

Health: 40/40      AC:  9    Str: 21    XL:     4   Next: 39%
Magic:  3/3        EV:  8    Int:  5    God:
Gold:   201        SH:  9    Dex: 10    Spells: 3/3 levels left

rFire    . . .     SeeInvis .   a - +0 long sword
rCold    . . .     Faith    .   c - +0 kite shield
rNeg     . . .     Spirit   .   b - +0 scale mail
rPois    .         Reflect  .   (helmet restricted)
rElec    .         Harm     .   (no cloak)
rCorr    .         Rampage  .   l - +0 pair of gloves
MR       .....                  p - +0 pair of boots
Stlth    ..........             (no amulet)
HPRegen  0.13/turn              (no ring)
MPRegen  0.08/turn              (no ring)

@: no status effects
A: retaliatory headbutt, horns 2, talons 1, MP-powered wands
a: no special abilities


You escaped.
You visited 1 branch of the dungeon, and saw 3 of its levels.

You collected 201 gold pieces.

Inventory:

Hand Weapons
 a - a +0 long sword (weapon)
Armour
 b - a +0 scale mail (worn)
 c - a +0 kite shield (worn)
 l - a +0 pair of gloves (worn)
 p - a +0 pair of boots (worn)
Jewellery
 j - an uncursed ring of flight {unknown}
Wands
 e - a wand of paralysis (3)
Scrolls
 f - a scroll of immolation {unknown}
 h - 8 scrolls of remove curse {unknown}
 i - 5 scrolls of identify {unknown}
 m - 2 scrolls of enchant armour {unknown}
 n - a scroll of amnesia {unknown}
 o - a scroll of fear {unknown}
 q - a scroll of fog {unknown}
 r - a scroll of blinking {unknown}
Potions
 d - 3 potions of might
 g - a potion of haste {unknown}
 k - a potion of invisibility {unknown}
 s - a potion of curing {unknown}


   Skills:
 + Level 4.1 Fighting
 + Level 3.6 Long Blades
 + Level 4.3 Armour
 + Level 0.9 Dodging
 + Level 0.3 Stealth
 + Level 4.4 Shields


You had 3 spell levels left.
You didn't know any spells.
Your spell library was empty.

Dungeon Overview and Level Annotations

Branches:
Dungeon (3/15)

Altars:
Zin


Innate Abilities, Weirdness & Mutations

You reflexively headbutt those who attack you in melee.
You have a pair of horns on your head.
You have sharp toenails.
You expend magic power (3 MP) to strengthen your wands.


Message History

You feel sick.
You see here a goblin corpse.
Things that are here:
a +0 dagger of venom; a goblin corpse You feel sick.
You feel sick.
You are no longer poisoned.
You see here a rat skeleton.
There is a stone staircase leading up here.
You climb upwards.
There is a stone staircase leading down here.
There is a stone staircase leading up here.
You climb upwards.
There is a stone staircase leading down here.
You see here a +0 dagger.
There is an open gate here.
There is an open door here.
There is a staircase leading out of the dungeon here.
Are you sure you want to leave the Dungeon?
This will make you lose the game!
You have escaped!

♣...............##
#♣..♣♣♣#'''#♣♣♣....
#..♣♣###...###♣....
#♣♣♣ #.......##♣♣♣.
####..8.8..####♣♣
###..#.......#..###
#....'.8...8.#....#
#....#...⌠...#....#
#.@..#(8...8.'..⌠.#
#....#.......#....#
###################


There were no monsters in sight!

Vanquished Creatures
  3 adders
  2 worms (D:3)
  A dart slug (D:2)
  A leopard gecko (D:3)
  8 goblins
  8 hobgoblins
  6 jackals
  7 kobolds
  3 quokkas
  5 bats
  2 frilled lizards (D:1)
  9 rats
55 creatures vanquished.

Notes
Turn   | Place    | Note
-------+----------+-------------------------------------------
     0 | D:1      | Peloso the Minotaur Fighter began the quest for the Orb.
     0 | D:1      | Reached XP level 1. HP: 19/19 MP: 0/0
   197 | D:1      | Reached XP level 2. HP: 27/27 MP: 1/1
   665 | D:2      | Reached XP level 3. HP: 33/33 MP: 2/2
  1126 | D:2      | Reached XP level 4. HP: 35/40 MP: 3/3
  1235 | D:2      | Found a glowing silver altar of Zin.
  1371 | D:2      | Gained mutation: You expend magic power (3 MP) to
                  | strengthen your wands. [potion of mutation]
  1371 | D:2      | Gained mutation: You have sharp toenails. [potion of
                  | mutation]
  2074 | D:$      | Got out of the dungeon alive.

Illustrated notes

Levels and vault maps discovered:
D:1:      sevenhm_arrival_forest_fort_large_2, layout_basic,
          grunt_decor_fettered
D:2:      layout_rooms, zin_academy
D:3:      layout_basic

Skill      XL: |  1  2  3 |
---------------+----------+-----
Fighting       | 4 |  4.1
Shields        | 4 |  4.4
Armour         | 4 |  4.3
Long Blades    | 3 |  3.6
Dodging        | |  0.9
Stealth        | |  0.3

Action                   |  1- 3 |  4- 6 || total
-------------------------+-------+-------++-------
Melee: Long sword        |    81 |    32 ||   113
       Headbutt          |    17 |     2 ||    19
  Use: Potion            |       |     3 ||     3
Armor: Scale mail        |    52 |    18 ||    70
Dodge: Dodged            |    39 |     7 ||    46
Block: Kite shield       |    71 |    14 ||    85
       Rpst.: Long sword |     9 |     3 ||    12

Table legend: (Time is in decaauts)
 A = Elapsed time spent in this place.
 B = Non-inter-level travel time spent in this place.
 C = Inter-level travel time spent in this place.
 D = Time resting spent in this place.
 E = Time spent auto-exploring this place.
 F = Levels seen in this place.
 G = Mean time per level.
                   A        B        C        D        E       F      G
               +--------+--------+--------+--------+--------+-----+--------+
         Total |   2110 |   1934 |    176 |    144 |   1347 |   3 |  703.3 |
       Dungeon |   2110 |   1934 |    176 |    144 |   1347 |   3 |  703.3 |
               +--------+--------+--------+--------+--------+-----+--------+

Top non-repeatable levels by time:
     D:2: 932 daAuts
     D:1: 736 daAuts
     D:3: 442 daAuts
